 Dungeon Crawl Stone Soup version 0.29-a0-1039-gfc20370e89 (webtiles) character file.

Game seed: 14377751241835911044

53 27heaven the Magician (level 3, 17/17 HPs)
             Began as a Deep Elf Earth Elementalist on Aug 15, 2022.
             Was a Follower of Hepliaklqana.
             Quit the game on level 2 of the Dungeon.
             The game lasted 00:01:28 (1600 turns).

27heaven the Magician (Deep Elf Earth Elementalist) Turns: 1600, Time: 00:01:29

Health: 17/17      AC:  4    Str:  5    XL:     3   Next: 64%
Magic:  10/10      EV: 12    Int: 21    God:    Hepliaklqana [*.....]
Gold:   41         SH:  0    Dex: 15    Spells: 6/10 levels left

rFire   . . .      SeeInvis .   (no weapon)
rCold   . . .      Faith    .   (no shield)
rNeg    . . .      Spirit   .   a - +0 robe
rPois   .          Reflect  .   h - +2 hat
rElec   .          Harm     .   (no cloak)
rCorr   .          Rampage  .   (no gloves)
Will    .....                   (no boots)
Stlth   ++........              (no amulet)
HPRegen 0.05/turn               (no ring)
MPRegen 0.12/turn               (no ring)

@: no status effects
A: reduced essence
a: Renounce Religion, Recall Ancestor, Ancestor Identity


You were on level 2 of the Dungeon.
You worshipped Hepliaklqana.
Hepliaklqana was aware of your devotion.
You visited 1 branch of the dungeon, and saw 2 of its levels.

You collected 41 gold pieces.

Inventory:

Armour
 a - a +0 robe (worn)
 h - a +2 hat (worn)
Jewellery
 k - a +6 ring of intelligence
Scrolls
 c - a scroll of enchant armour {unknown}
 e - 3 scrolls of identify {unknown}
 f - a scroll of blinking {unknown}
 i - a scroll of immolation {unknown}
 l - a scroll of vulnerability {unknown}
 n - a scroll of butterflies {unknown}
 o - a scroll of fear {unknown}
Potions
 b - a potion of magic
 d - 3 potions of brilliance {unknown}
 g - 2 potions of mutation {unknown}
 j - a potion of flight {unknown}
 m - a potion of attraction {unknown}
 p - a potion of might {unknown}


   Skills:
 - Level 2.4 Dodging
 - Level 2.4 Stealth
 + Level 4.0 Spellcasting
 + Level 2.3 Transmutations
 + Level 4.0 Earth Magic


You had 6 spell levels left.
You knew the following spells:

 Your Spells              Type           Power      Damage    Failure   Level
a - Sandblast             Erth           42%        2d11      2%          1
b - Stone Arrow           Conj/Erth      24%        3d8       16%         3

Your spell library contained the following spells:

 Spells                   Type           Power      Damage    Failure   Level
 Passwall                 Tmut/Erth      14%        N/A       4%          2
 Apportation              Tloc           8%         N/A       12%         1
 Necrotise                Necr           16%        1d4       12%         1
 Summon Small Mammal      Summ           16%        N/A       12%         1
 Petrify                  Tmut/Erth      17%        N/A       32%         4


Dungeon Overview and Level Annotations

Branches:
Dungeon (2/15)

Altars:
Hepliaklqana


Message History

You kill the endoplasm!
You can't see any susceptible monsters within range! (Use Z to cast anyway.)
You see here a rat corpse.
o - a scroll labelled WAUSUBL EXKU
Found a stone staircase leading up.
You open the door.
Found a faded altar of an unknown god. 2 ball pythons come into view.
There are monsters nearby!
There is an open door here.
There is a faded altar of an unknown god here.
You cannot tell which god this altar belongs to.
Convert to them anyway? [Y]es or [N]o only, please.
You cannot tell which god this altar belongs to.
Convert to them anyway?
Hepliaklqana accepts your prayer! Hepliaklqana welcomes you!
Hepliaklqana forms a fragment of your life essence into the memory of your ancestor, Artakama!
You can now recall your ancestor.
You can now remember your ancestor's identity.
You open the door.
There is an open door here.
An adder comes into view.
An adder is nearby!
An adder is nearby!
An adder is nearby!
No reachable target in view!
No reachable target in view!
Found a bubbling emerald potion.
The adder hisses angrily.
The blast of sand hits the adder!
You kill the adder!
Your Spellcasting skill increases to level 4!
Your Earth Magic skill increases to level 4!
You can't see any susceptible monsters within range! (Use Z to cast anyway.)
You can't see any susceptible monsters within range! (Use Z to cast anyway.)
p - a bubbling emerald potion A goblin comes into view.
It is wielding a +0 club.
A goblin is nearby!
A goblin is nearby!
Are you sure you want to abandon this character and quit the game? (Confirm with "yes".)

########## #........#######
#........##....#
#.............##....# #
#.............##....# ..
#......#.......R@...# ...
#......+..........<....g ....
#......#.............#####.SS..
#......#.......#####..........#
#......#.......#8.8#....#
#......#....8###...###8.#
.......####..'..._...'..#
.......####.8###...###8.#
.........##... #8.8#....#


You could see the friendly Artakama the ancestor and a goblin (asleep).

Vanquished Creatures
  2 adders (D:2)
  A worm (D:2)
  A dart slug (D:2)
  A bat (D:2)
  3 endoplasms (D:2)
  A giant cockroach (D:1)
  6 goblins
  A hobgoblin (D:2)
  2 kobolds
  A quokka (D:1)
  5 ball pythons
  2 frilled lizards
  4 rats
30 creatures vanquished.

Notes
Turn   | Place    | Note
-------+----------+-------------------------------------------
     0 | D:1      | 27heaven the Deep Elf Earth Elementalist began the quest
                  | for the Orb.
     0 | D:1      | Reached XP level 1. HP: 10/10 MP: 6/6
   461 | D:1      | Reached XP level 2. HP: 15/15 MP: 6/8
  1264 | D:2      | Reached XP level 3. HP: 14/19 MP: 7/10
  1363 | D:2      | Learned a level 3 spell: Stone Arrow
  1562 | D:2      | Found a faded altar of an unknown god.
  1572 | D:2      | Prayed at the altar of an unknown god.
  1572 | D:2      | Became a worshipper of Hepliaklqana the Forgotten
  1572 | D:2      | Reached * piety under Hepliaklqana
  1600 | D:2      | Quit the game

Illustrated notes

Levels and vault maps discovered:
D:1:      tarquinn_simple_flora_water_b, layout_basic, corner_web_ring
D:2:      layout_basic, dreamdust_ecumenical_altar_angels_and_demons,
          basic_altar, amcnicky_mini_pool_small, uniq_robin

Skill      XL: |  1  2  3 |
---------------+----------+-----
Transmutations | 2 |  2.3
Spellcasting   | 4 |  4.0
Earth Magic    | 4 |  4.0
Dodging        | |  2.4
Stealth        | |  2.4

Action                   || total
-------------------------++-------
 Cast: Sandblast         ||    34
Armor: Robe              ||     1
Dodge: Dodged            ||     1

Table legend: (Time is in decaauts)
 A = Elapsed time spent in this place.
 B = Non-inter-level travel time spent in this place.
 C = Inter-level travel time spent in this place.
 D = Time resting spent in this place.
 E = Time spent auto-exploring this place.
 F = Levels seen in this place.
 G = Mean time per level.
                   A        B        C        D        E       F      G
               +--------+--------+--------+--------+--------+-----+--------+
         Total |   1633 |   1574 |     59 |      0 |   1409 |   2 |  816.5 |
       Dungeon |   1633 |   1574 |     59 |      0 |   1409 |   2 |  816.5 |
               +--------+--------+--------+--------+--------+-----+--------+

Top non-repeatable levels by time:
     D:1: 1217 daAuts
     D:2: 416 daAuts
